AoeStats
← Green Assassin

African Clearing

506261642Analyzed
4v4 RM · 19d ago on Sep 12, 2026· 22m 58s· 8 players
Game mode
Random Map
Map size
Large (8 player)
Population
200
Speed
Normal
Resources
Standard
Victory
Conquest
Starting age
Dark Age
Ending age
Imperial Age
RankedLock teamsTeams togetherTeam positionsShared explorationLock speedFull tech treeHidden civsTurbo modeCheats
Victory
Defeat
🇲🇽 Georgians · Mexico
1255
+14
🇦🇷 Burgundians · Argentina
1223
+15
🇦🇷 Persians · Argentina
1214
+16
🇦🇷 Franks · Argentina
1011
+24
🇹🇷 Mongols · Türkiye
1248
-18
🇺🇸 Huns · United States
1242
-19
🇨🇳 Celts · China
1185
-17
🇩🇪 Georgians · Germany
1138
-15
OLD_SAINT_DICK
5:38 Loom
13:16 Feudal Age
13:58 Double-Bit Axe
20:48 Castle Age
22:20 Bow Saw
22:27 Fletching
Green Assassin
5:32 Loom
MA
野象
5:22 Loom
Ux'Alargeo
9:24 Loom
13:25 Feudal Age
14:02 Double-Bit Axe
14:56 Wheelbarrow
16:53 Bloodlines
16:50 Scale Barding Armor
18:30 Forging
19:29 Fletching
19:54 Horse Collar
22:42 Town Watch
Masacre
5:17 Loom
14:31 Double-Bit Axe
16:36 Wheelbarrow
19:31 Feudal Age
19:19 Horse Collar
23:46 Castle Age
djsuperguillermo
10:36 Loom
14:45 Feudal Age
19:10 Castle Age
18:23 Double-Bit Axe
18:59 Forging
19:23 Scale Barding Armor
20:01 Husbandry
19:21 Light Cavalry
T-800-DevilModeOn
12:45 Feudal Age
11:02 Loom
16:43 Castle Age
14:46 Double-Bit Axe
Connection lost

Rejoining the realm…

Still unreachable

The connection could not be restored.

Session expired

The server has moved on; the page needs a fresh start.